 Dungeon Crawl Stone Soup version 0.20.0-6-gd3061e9 (webtiles) character file.

60186 dvd the Severer (level 14, -7/132 HPs)
             Began as a Hill Orc Fighter on May 28, 2017.
             Was a High Priest of Okawaru.
             Mangled by a red ugly thing (21 damage)
             ... on level 14 of the Dungeon.
             The game lasted 00:59:25 (18903 turns).

dvd the Severer (Hill Orc Fighter)                 Turns: 18903, Time: 00:59:26

Health: -7/132     AC: 22    Str: 24    XL:     14   Next: 98%
Magic:  15/16      EV: 19    Int:  8    God:    Okawaru [*****.]
Gold:   1735       SH:  0    Dex: 19    Spells: 13/13 levels left

rFire    . . .     SeeInvis +   S - +5 battleaxe (flame)
rCold    + + +     Gourm    .   (shield currently unavailable)
rNeg     . . .     Faith    .   Z - +2 chain mail {MR+}
rPois    .         Spirit   .   V - +2 helmet {SInv}
rElec    .         Reflect  .   r - scarf of Sif Muna's Regard {rC+++}
rCorr    .         Harm     .   L - +2 pair of gloves {Str+3}
MR       ++...                  M - +2 pair of boots
Stlth    +.........             N - amulet of regeneration
Regen    0.8/turn               C - +4 ring of evasion
MPRegen  0.2/turn               Y - +6 ring of dexterity

@: heroism, corroded
A: no striking features
a: Heroism, Finesse, Renounce Religion


You were on level 14 of the Dungeon.
You worshipped Okawaru.
Okawaru was extremely pleased with you.
You were hungry.

You visited 4 branches of the dungeon, and saw 23 of its levels.
You also visited: Ossuary.

You collected 2081 gold pieces.
You spent 346 gold pieces at shops.

Inventory:

Hand Weapons
 a - a +1 war axe of venom
 b - a +5 flail of freezing
 R - a +2 hand axe of freezing
 S - a +5 battleaxe of flaming (weapon)
Missiles
 q - 36 tomahawks (quivered)
 u - 14 javelins
 O - 8 javelins of penetration
Armour
 c - a +1 shield
 g - a +0 pair of boots of stealth
 k - a +4 scale mail of positive energy
 r - the scarf of Sif Muna's Regard (worn) {rC+++}
   (You found it on level 8 of the Dungeon)

   It renders you almost immune to cold.
 t - a +1 helmet of intelligence
 y - a +0 hat of magic resistance
 I - the +1 scale mail of Lira Kiu {rCorr}
   (You bought it in a shop on level 6 of the Dungeon)

   It protects you from acid and corrosion.
 L - a +2 pair of gloves of strength (worn)
 M - a +2 pair of boots (worn)
 V - a +2 helmet of see invisible (worn)
 Z - a +2 chain mail of magic resistance (worn)
Jewellery
 C - a +4 ring of evasion (left hand)
 H - an uncursed ring of protection from fire
 N - an amulet of regeneration (around neck)
 Q - an uncursed ring of protection from magic
 Y - a +6 ring of dexterity (right hand)
Wands
 e - a wand of scattershot (1/9)
 h - a wand of iceblast (9/15)
 x - a wand of lightning (11/15)
 A - a wand of iceblast (6/15)
 D - a wand of digging (7/24)
 E - a wand of lightning (6/15)
 F - a wand of acid (3/15)
Scrolls
 l - 13 scrolls of remove curse
 m - 14 scrolls of identify
 p - 5 scrolls of amnesia
 v - a scroll of recharging
 B - 5 scrolls of teleportation
 X - 2 scrolls of enchant weapon
Potions
 d - 4 potions of might
 j - 9 potions of curing
 o - 2 potions of mutation
 s - 5 potions of flight
 z - 4 potions of agility
 G - 5 potions of haste
 K - 2 potions of invisibility
 P - 2 potions of heal wounds
 T - a potion of cancellation
Books
 w - a book of Frost

   Spells                             Type                      Level
   a - Freeze                         Ice                          1
   b - Throw Frost                    Conjuration/Ice              2
   c - Ozocubu's Armour               Charms/Ice                   3
   d - Throw Icicle                   Conjuration/Ice              4
   e - Summon Ice Beast               Ice/Summoning                4
 U - a Young Poisoner's Handbook

   Spells                             Type                      Level
   a - Sting                          Conjuration/Poison           1
   b - Poisonous Vapours              Poison/Air                   2
   c - Mephitic Cloud                 Conjuration/Poison/Air       3
   d - Olgreb's Toxic Radiance        Poison                       4
   e - Venom Bolt                     Conjuration/Poison           5
Comestibles
 f - 9 bread rations
 i - 11 meat rations
 n - 6 royal jellies
 J - 32 fruits
 W - 2 chunks of flesh


   Skills:
 + Level 14.0(19.0) Fighting
 + Level 18.5(24.0) Axes
 + Level 7.3(17.7) Maces & Flails
 + Level 2.8(7.8) Throwing
 + Level 10.9(15.9) Armour
 + Level 3.9(8.9) Dodging
 + Level 2.1(7.1) Stealth
 + Level 12.6(17.6) Shields
 + Level 3.2 Invocations


You had 13 spell levels left.
You didn't know any spells.

Dungeon Overview and Level Annotations

Branches:
Dungeon (14/15)            Temple (1/1) D:5            Lair (6/6) D:8
  Swamp (0/4) Lair:2       Spider (0/4) Lair:4        Slime (0/5) Lair:6
    Orc (2/2) D:12            Elf (0/3) Orc:2
 Vaults: D:13-14

Altars:
Ashenzari
Cheibriados
Dithmenos
Elyvilon
Fedhas
Gozag
Hepliaklqana
Kikubaaqudgha
Makhleb
Nemelex Xobeh
Okawaru
Qazlal
Ru
Sif Muna
Trog
Uskayaw
Vehumet
Xom
Yredelemnul
Zin
The Shining One
Beogh
Jiyva

Shops:
D:6 *   D:10 !   Orc:2 ?(!(


Message History

You are splashed with acid!
The acid burns!
* * * LOW HITPOINT WARNING * * *
The centaur warrior shoots an arrow.
The arrow hits you!!
* * * LOW HITPOINT WARNING * * *
Things that are here:
an arrow; an ugly thing corpse You feel much better.
The red ugly thing pecks you.
* * * LOW HITPOINT WARNING * * *
You are engulfed in flames!
* * * LOW HITPOINT WARNING * * *
The brown ugly thing closely misses you.
Unknown command.
The centaur warrior unwields an uncursed shortbow.
The centaur warrior hits you but does no damage.
The centaur warrior completely misses you.
There is a stone staircase leading up here.
The red ugly thing pecks you!
* * * LOW HITPOINT WARNING * * *
You are engulfed in flames!!
You die...

.............#
.............#
.....$.....#
..#.....### ##
#........#
...##.).O....#
....>.)u(....#
.####.)cu.(..#
##.@######
#.## #.. ...#
.### #


You could see 2 ugly things, a centaur warrior and a two-headed ogre.

Vanquished Creatures
  Gastronok (Lair:1)
  4 hydras
  Erica (Lair:2)
  8 two-headed ogres
  6 death yaks
  A tengu warrior (D:11)
  Urug (D:11)
  4 orc high priests (Orc:2)
  2 orc knights
  Pikel (D:7)
  3 orc sorcerers
  2 ugly things
  A cyclops (D:11)
  7 elephants
  Psyche (D:8)
  A black mamba (Lair:6)
  4 molten gargoyles (D:11)
  8 spiny frogs
  4 rime drakes
  2 gargoyles
  8 komodo dragons
  5 trolls
  2 hornets (D:12)
  3 polar bears
  2 tyrant leeches (Lair:2)
  5 hippogriffs
  22 blink frogs
  31 yaks
  Sigmund (D:6)
  6 basilisks
  Grum (Lair:1)
  A wyvern (D:9)
  6 wargs
  12 water moccasins
  18 orc warriors
  9 porcupines
  An eye of draining (D:11)
  2 black bears
  3 ice beasts
  2 phantoms
  2 sky beasts
  10 ogres
  20 wolves
  10 centaurs
  21 crocodiles
  A big kobold (D:12)
  13 bullfrogs
  An elf zombie (Ossuary)
  A wyvern zombie (D:12)
  4 scorpions
  13 killer bees
  4 wights (D:9)
  5 howler monkeys
  3 crimson imps
  2 quasits
  2 human zombies (Ossuary)
  7 hounds
  A centaur zombie (D:5)
  5 jellies
  29 orc priests
  Ijyb (D:5)
  2 bullfrog skeletons
  27 orc wizards
  Crazy Yiuf (D:5)
  3 centaur skeletons
  2 gnoll shamans
  5 iguanas
  11 worker ants
  2 big kobold zombies (Ossuary)
  4 hound zombies
  3 mummies (Ossuary)
  A worker ant zombie (D:10)
  9 gnolls
  14 adders
  3 shadow imps
  8 oozes (D:4)
  5 adder zombies (Ossuary)
  An adder skeleton (D:5)
  4 worms
  A dart slug (D:1)
  6 leopard geckos
  101 orcs
  7 giant cockroaches
  2 gnoll zombies (Ossuary)
  3 hobgoblins
  6 jackals
  22 kobolds
  5 quokkas
  9 bats
  2 frilled lizards
  6 goblins
  3 goblin zombies (Ossuary)
  A hobgoblin zombie (Ossuary)
  A jackal skeleton (D:4)
  3 jackal zombies (Ossuary)
  2 kobold zombies (Ossuary)
  2 leopard gecko skeletons
  An orc zombie (Ossuary)
  3 quokka zombies (Ossuary)
  14 rats
  5 rat zombies (Ossuary)
  A spectral orc (D:5)
  A fire vortex (D:11)
  A fungus (D:5)
  3 plants
673 creatures vanquished.

Vanquished Creatures (others)
  An ice beast (D:7)
  3 slaves (D:7)
  A hound (D:7)
  4 fungi
  3 plants
  10 toadstools (D:4)
22 creatures vanquished.

Grand Total: 695 creatures vanquished

Notes
Turn   | Place    | Note
-------+----------+-------------------------------------------
     0 | D:1      | dvd the Hill Orc Fighter began the quest for the Orb.
     0 | D:1      | Reached XP level 1. HP: 19/19 MP: 1/1
    28 | D:1      | Reached XP level 2. HP: 22/27 MP: 2/2
    31 | D:1      | Reached skill level 3 in Axes
   317 | D:1      | Reached XP level 3. HP: 33/33 MP: 3/3
   658 | D:2      | Found a shadowy altar of Dithmenos.
   694 | D:2      | Found a blossoming altar of Fedhas.
   755 | D:2      | Reached skill level 4 in Axes
   773 | D:2      | Reached XP level 4. HP: 35/40 MP: 4/4
  1873 | D:3      | Reached XP level 5. HP: 43/46 MP: 5/5
  1936 | D:3      | Reached skill level 5 in Axes
  2108 | D:3      | Found an opulent altar of Gozag.
  2726 | D:4      | Reached XP level 6. HP: 44/53 MP: 6/6
  3054 | D:4      | Reached skill level 6 in Axes
  3373 | D:4      | Reached XP level 7. HP: 55/60 MP: 7/7
  3491 | D:4      | Found a hazy altar of Hepliaklqana.
  3679 | D:4      | Reached skill level 7 in Axes
  3706 | D:5      | Entered Level 5 of the Dungeon
  3763 | D:4      | Reached skill level 8 in Axes
  3763 | D:4      | Reached skill level 5 in Armour
  3763 | D:4      | Reached skill level 1 in Dodging
  4041 | D:5      | Found a sacrificial altar of Ru.
  4056 | D:5      | Became a worshipper of Ru the Awakened
  4113 | D:5      | Reached skill level 5 in Shields
  4114 | D:5      | Found a staircase to the Ecumenical Temple.
  4151 | Temple   | Entered the Ecumenical Temple
  4273 | Temple   | Fell from the grace of Ru
  4273 | Temple   | Became a worshipper of Warmaster Okawaru
  4376 | D:5      | Reached XP level 8. HP: 50/67 MP: 8/8
  4472 | D:5      | Noticed Ijyb
  4477 | D:5      | Killed Ijyb
  4495 | D:5      | Got a pair of fine gloves
  4528 | D:5      | Identified the +2 pair of gloves of Hedge Wizardry {Str+2} (You found it on level 5 of the Dungeon)
  4687 | D:5      | Reached skill level 5 in Fighting
  4687 | D:5      | Reached skill level 9 in Axes
  4719 | D:5      | Found a basalt altar of Yredelemnul.
  4781 | D:5      | Found a runed door.
  4785 | D:5      | Noticed Crazy Yiuf
  4790 | D:5      | Killed Crazy Yiuf
  4946 | D:6      | Found a white marble altar of Elyvilon.
  5110 | D:6      | Found Cohohit's Assorted Antiques.
  5123 | D:6      | Bought a jewelled scale mail for 189 gold pieces
  5133 | D:6      | Identified the +1 scale mail of Lira Kiu {rCorr} (You bought it in a shop on level 6 of the Dungeon)
  5299 | D:6      | Reached * piety under Okawaru
  5547 | D:6      | Noticed Sigmund
  5562 | D:6      | Killed Sigmund
  5696 | D:7      | Reached skill level 10 in Axes
  5843 | D:7      | You fall through a shaft for 2 floors!
  5936 | D:9      | Reached XP level 9. HP: 53/75 MP: 6/9
  6276 | D:9      | Reached skill level 1 in Maces & Flails
  6292 | D:9      | Reached ** piety under Okawaru
  6876 | D:8      | Reached skill level 11 in Axes
  6996 | D:8      | Noticed a two-headed ogre
  7004 | D:8      | Killed a two-headed ogre
  7004 | D:8      | Reached skill level 1 in Throwing
  7004 | D:8      | Reached XP level 10. HP: 76/84 MP: 7/10
  7021 | D:8      | Found a staircase to the Lair.
  7028 | D:8      | Reached *** piety under Okawaru
  7131 | D:8      | Got a shimmering scarf
  7180 | D:8      | Identified the scarf of Sif Muna's Regard {rC+++} (You found it on level 8 of the Dungeon)
  7199 | D:8      | Found a sand-covered staircase.
  7205 | Ossuary  | Entered an ossuary
  7504 | D:8      | Noticed Psyche
  7513 | D:8      | Killed Psyche
  7513 | D:8      | Reached skill level 12 in Axes
  7875 | D:7      | Noticed Pikel
  7881 | D:7      | Killed Pikel
  7881 | D:7      | Reached **** piety under Okawaru
  8662 | D:6      | Bought a pair of embroidered boots for 157 gold pieces
  8779 | Lair:1   | Entered Level 1 of the Lair of Beasts
  8793 | Lair:1   | Found a glowing golden altar of the Shining One.
  8834 | Lair:1   | Reached skill level 1 in Stealth
  8839 | Lair:1   | Reached skill level 13 in Axes
  8859 | Lair:1   | Noticed an eight-headed hydra
  8872 | Lair:1   | Killed an eight-headed hydra
  8872 | Lair:1   | Reached ***** piety under Okawaru
  8872 | Lair:1   | Received a gift from Okawaru
  8872 | Lair:1   | Reached XP level 11. HP: 64/94 MP: 9/11
  8884 | Lair:1   | Noticed Gastronok
  8893 | Lair:1   | Reached skill level 1 in Invocations
  8903 | Lair:1   | Killed Gastronok
  8903 | Lair:1   | Reached skill level 5 in Maces & Flails
  9289 | Lair:1   | Reached skill level 14 in Axes
  9413 | Lair:1   | Noticed Grum
  9438 | Lair:1   | Killed Grum
  9737 | Lair:2   | Noticed Erica
  9754 | Lair:2   | Killed Erica
  9930 | Lair:2   | Reached XP level 12. HP: 96/105 MP: 13/13
 10230 | Lair:2   | Noticed a five-headed hydra
 10241 | Lair:2   | Killed a five-headed hydra
 10241 | Lair:2   | Reached skill level 10 in Fighting
 10271 | Lair:2   | Received a gift from Okawaru
 10271 | Lair:2   | Reached skill level 15 in Axes
 10535 | Lair:2   | Found a staircase to the Swamp.
 10745 | Lair:3   | Reached skill level 10 in Shields
 11047 | Lair:3   | Noticed a death yak
 11047 | Lair:3   | Noticed a death yak
 11048 | Lair:3   | Noticed a death yak
 11063 | Lair:3   | Killed a death yak
 11063 | Lair:3   | Reached skill level 16 in Axes
 11068 | Lair:3   | Killed a death yak
 11070 | Lair:3   | Killed a death yak
 11070 | Lair:3   | Reached XP level 13. HP: 69/116 MP: 12/14
 11804 | Lair:4   | Found a hole to the Spider Nest.
 12308 | Lair:4   | Reached ****** piety under Okawaru
 12536 | Lair:5   | Received a gift from Okawaru
 12584 | Lair:5   | Reached skill level 10 in Armour
 13220 | Lair:6   | Entered Level 6 of the Lair of Beasts
 13406 | Lair:6   | Found a sacrificial altar of Ru.
 13591 | Lair:6   | Found a staircase to the Slime Pits.
 13592 | Lair:6   | Found a viscous altar of Jiyva.
 13761 | Lair:6   | Received a gift from Okawaru
 13789 | Lair:6   | Reached XP level 14. HP: 115/127 MP: 16/16
 14341 | D:10     | Entered Level 10 of the Dungeon
 14352 | D:10     | Reached skill level 17 in Axes
 14436 | D:10     | Received a gift from Okawaru
 14765 | D:10     | Found Qoom's Distillery.
 14940 | D:10     | Found a stormy altar of Qazlal.
 15204 | D:11     | Noticed Urug
 15222 | D:11     | Killed Urug
 16523 | D:12     | Found a staircase to the Orcish Mines.
 17218 | Orc:1    | Entered Level 1 of the Orcish Mines
 17223 | Orc:1    | Received a gift from Okawaru
 17429 | Orc:2    | Entered Level 2 of the Orcish Mines
 17469 | Orc:2    | Reached skill level 18 in Axes
 17558 | Orc:2    | Found a roughly hewn altar of Beogh.
 17822 | Orc:2    | Found a staircase to the Elven Halls.
 18257 | Orc:2    | Found Ridoz's Magic Scroll Shop.
 18257 | Orc:2    | Found Haarrorch's Weapon Shop.
 18258 | Orc:2    | Found Zofom's Weapon Boutique.
 18262 | Orc:2    | Found Uxel's Distillery.
 18903 | D:14     | Mangled by a red ugly thing

Skill      XL: |  1  2  3  4  5  6  7  8  9 10 11 12 13 14 |
---------------+-------------------------------------------+-----
Axes           | 3 4 5 6 8 10 11 13 14 16 18 | 18.5
Armour         | 4 5 6 7 8 9 10 | 10.9
Shields        | 4 5 7 8 9 10 11 12 | 12.6
Fighting       | 4 5 6 8 9 11 12 14 | 14.0
Dodging        | 1 2 3 |  3.9
Maces & Flails | 3 4 5 7 |  7.3
Throwing       | 1 2 |  2.8
Stealth        | 1 2 |  2.1
Invocations    | 1 2 3 |  3.2

Action                   |  1- 3 |  4- 6 |  7- 9 | 10-12 | 13-15 || total
-------------------------+-------+-------+-------+-------+-------++-------
Melee: War axe           |    91 |   197 |   323 |   518 |   555 ||  1684
       Flail             |       |       |    60 |    62 |    82 ||   204
       Battleaxe         |       |       |       |       |   186 ||   186
Throw: Tomahawk          |       |     1 |     9 |    10 |    43 ||    63
Invok: Heroism           |       |       |     3 |     9 |    10 ||    22
       Finesse           |       |       |       |       |     1 ||     1
  Use: Scroll            |       |       |       |    15 |     6 ||    21
       Potion            |       |       |       |     1 |    13 ||    14
 Stab: Distracted        |       |       |       |     1 |     1 ||     2
  Eat: Chunk             |       |     8 |    12 |    14 |    25 ||    59
Armor: Scale mail        |    38 |    60 |    29 |       |    87 ||   214
       Chain mail        |       |    72 |   151 |   233 |   147 ||   603
Dodge: Dodged            |    30 |    59 |   134 |   222 |   386 ||   831
Block: Shield            |    47 |   125 |   190 |   344 |   384 ||  1090
